 Dungeon Crawl Stone Soup version 0.30.0-11-gf55b779eaf (webtiles) character file.

Game seed: 3676109772875937564

9210 GigaChad the Basher (level 11, -2/97 HPs)
             Began as an Armataur Fighter on May 17, 2023.
             Was a Believer of the Shining One.
             Slain by a yak (4 damage)
             ... on level 10 of the Dungeon.
             The game lasted 00:16:35 (10729 turns).

GigaChad the Basher (Armataur Fighter)             Turns: 10729, Time: 00:16:35

Health: -2/97      AC: 11    Str: 27    XL:     11   Next: 20%
Magic:  15/15      EV:  7    Int: 14    God:    the Shining One [**....]
Gold:   340        SH: 11    Dex: 11    Spells: 13/15 levels left

rFire   + . .        m - +4 war axe
rCold   + + .        x - +1 kite shield
rNeg    + + .        O - +0 swamp dragon scales
rPois   +            (no helmet)
rElec   .            I - +1 cloak of Wisdom {Rampage rN+}
rCorr   +            (no gloves)
SInv    +            (no barding)
Will    .....        (no amulet) Stlth
                     H - ring "Tismunna" {rF+ rC++ Int+6}
HPRegen 0.36/turn    G - ring "Gocinae" {rCorr Str+2 SInv}
MPRegen 0.14/turn

%: roll
@: glowing, studying Staves
A: large, rugged brown scales 3, deformed body, armoured tail, roll, long
tongue, awkward tongue
a: Renounce Religion, Divine Shield


You were on level 10 of the Dungeon.
You worshipped the Shining One.
The Shining One was pleased with you.
You visited 2 branches of the dungeon, and saw 11 of its levels.
You also visited: Sewer.

You collected 1630 gold pieces.
You spent 1290 gold pieces at shops.

Inventory:

Hand Weapons
 a - a +3 war axe
 i - the +8 mace of Extermination {protect, rC+}
   (You found it on level 2 of the Dungeon)

   rC:        It protects you from cold.
 m - a +4 war axe (weapon)
 s - a +0 battleaxe
Missiles
 v - 4 throwing nets (quivered)
Armour
 b - a +0 scale mail
 c - a +1 buckler
 x - a +1 kite shield (worn)
 I - the +1 cloak of Wisdom (worn) {Rampage rN+}
   (You found it on level 7 of the Dungeon)

   rN:        It protects you from negative energy.
   Rampage:   It bestows one free step when moving towards enemies.
 N - a +0 chain mail
 O - +0 swamp dragon scales (worn)
Jewellery
 l - a ring of protection from fire
 z - a +4 ring of protection
 F - a +5 ring of evasion
 G - the ring "Gocinae" (right hand) {rCorr Str+2 SInv}
   (You bought it in a shop on level 5 of the Dungeon)

   [ring of see invisible]

   Str:       It affects your strength (+2).
   SInv:      It lets you see invisible.
   rCorr:     It protects you from acid and corrosion.
 H - the ring "Tismunna" (left hand) {rF+ rC++ Int+6}
   (You bought it in a shop on level 5 of the Dungeon)

   [ring of intelligence]

   Int:       It affects your intelligence (+6).
   rF:        It protects you from fire.
   rC:        It greatly protects you from cold.
 J - a +5 ring of evasion
 L - an amulet of guardian spirit
 M - a ring of wizardry
Wands
 C - a wand of flame (16)
 D - a wand of polymorph (11)
 E - a wand of light (6)
 P - a wand of iceblast (8)
Scrolls
 f - a scroll of magic mapping
 j - 2 scrolls of fear
 n - a scroll of fog
 q - 6 scrolls of teleportation
 y - 4 scrolls of immolation
 K - a scroll of enchant armour
 R - a scroll of blinking
 S - a scroll of brand weapon {unknown}
 T - a scroll of silence
 U - a scroll of amnesia {unknown}
Potions
 d - 3 potions of might
 e - 6 potions of curing
 g - 3 potions of invisibility
 h - 2 potions of mutation
 o - 5 potions of degeneration
 p - 5 potions of flight
 r - 5 potions of lignification
 t - a potion of resistance {unknown}
 u - 2 potions of magic {unknown}
 w - 2 potions of brilliance {unknown}
 A - a potion of attraction {unknown}
 B - 3 potions of haste {unknown}
 Q - a potion of cancellation {unknown}


   Skills:
 * Level 6.6 Fighting
 * Level 5.4(7.8) Axes
 * Level 9.4(10.2) Maces & Flails
 * Level 9.0 Armour
 * Level 7.8 Shields
 * Level 2.9 Spellcasting
 * Level 4.0 Evocations


You had 13 spell levels left.
You knew the following spells:

 Your Spells              Type           Power      Damage    Failure   Level
a - Wereblood             Tmut           2%         N/A       63%         2

Your spell library contained the following spells:

 Spells                   Type           Power      Damage    Failure   Level
 Beastly Appendage        Tmut           4%         N/A       47%         1
 Shock                    Conj/Air       8%         1d3       47%         1
 Cigotuvi's Dreadful Rot  Necr/Pois/Air  4%         N/A       63%         2
 Hailstorm                Conj/Ice       2%         3d3       85%         3
 Ignite Poison            Fire/Tmut/Pois 2%         N/A       85%         3
 Spider Form              Tmut/Pois      2%         N/A       85%         3
 Iskenderun's Mystic Bla  Conj/Tloc      2%         2d3       99%         4
 Olgreb's Toxic Radiance  Pois           2%         N/A       99%         4
 Petrify                  Tmut/Erth      2%         N/A       99%         4
 Fireball                 Conj/Fire      1%         3d3       100%        5
 Freezing Cloud           Conj/Ice/Air   1%         6-21      100%        5
 Metabolic Englaciation   Hex/Ice        1%         N/A       100%        5
 Statue Form              Tmut/Erth      1%         N/A       100%        6
 Dragon Form              Tmut           1%         N/A       100%        7
 Discord                  Hex            1%         N/A       100%        8
 Ignition                 Fire           1%         3d3       100%        8


Dungeon Overview and Level Annotations

Branches:
Dungeon (10/15)            Temple (1/1) D:6             Orc (0/2) D:10
  Sewer (visited)
   Lair: D:8-11

Altars:
Ashenzari
Cheibriados
Dithmenos
Elyvilon
Fedhas
Gozag
Kikubaaqudgha
Makhleb
Nemelex Xobeh
Okawaru
Qazlal
Ru
Sif Muna
Trog
Uskayaw
Vehumet
Wu Jian
Yredelemnul
Zin
The Shining One

Shops:
D:2 [   D:5 =

Annotations:
D:3 1 runed translucent door, Crazy Yiuf
D:5 1 runed translucent door, Dordric's ghost, novice BaHs
D:6 2 transporters, domi's ghost, novice HOMo


Innate Abilities, Weirdness & Mutations

You are completely covered in rugged brown scales. (AC +3, +7% HP)
Armour fits poorly on your strangely shaped body.
You have a long armoured tail.
You roll when moving toward enemies. (Rampage)
Your long tongue fully drains potion bottles. (2x potion effects)
Your tongue gives you trouble enunciating. (1.5x scroll delay)


Message History

Unknown command.
You slash the yak!
The yak is heavily wounded.
You barely miss the basilisk. The yak gores you!
* * * LOW HITPOINT WARNING * * *
The basilisk bites you!
* * * LOW HITPOINT WARNING * * *
Unknown command.
You hit the yak.
The yak is severely wounded.
You slash the basilisk!
You kill the basilisk!
The yak gores you but does no damage.
Your Armour skill increases to level 9!
Unknown command.
You slash the yak!
The yak is almost dead.
The yak closely misses you.
You barely miss the yak.
The yak is almost dead.
The yak gores you.
* * * LOW HITPOINT WARNING * * *
You block the yak's attack.
Unknown command.
Unknown command.
You hit the yak.
The yak is almost dead.
The yak gores you.
* * * LOW HITPOINT WARNING * * *
You barely miss the yak.
The yak is almost dead.
You block the yak's attack.
You hit the yak.
You tail-slap the yak, but do no damage.
The yak is almost dead.
The yak closely misses you.
You hit the yak.
The yak is almost dead.
The yak gores you.
You die...

... o≈§§. .. ##§§≈≈≈
.. #.##.≈≈≈§§≈ #.##
....§§≈≈≈§
#...##.....≈≈§..
#.........≈...
##...Y†.......
##....@.........
##...............
#<...............
.......))..$.....
#......)(†.......
##.......).....>.
#.................
...................
##+##.......≈........#


You could see a yak.

Vanquished Creatures
  2 two-headed ogres
  Maurice (D:8)
  A kobold demonologist (D:9)
  Maggie (D:7)
  A troll (D:9)
  Prince Ribbit (D:8)
  A basilisk (D:10)
  11 yaks
  2 steam dragons
  4 vampire mosquitoes (D:10)
  2 water moccasins (D:8)
  An orc warrior (D:10)
  2 sky beasts (D:6)
  3 black bears
  An ice beast (D:7)
  An ogre (D:5)
  2 centaurs (D:8)
  2 phantoms
  5 kobold brigands
  A gnoll sergeant (D:6)
  2 bullfrogs
  3 scorpions
  7 wights
  9 howler monkeys
  3 gnoll boudas
  4 hounds
  3 jellies
  7 orc priests
  Natasha (thrice) (D:4)
  5 iguanas
  2 sleepcaps
  11 orc wizards
  A killer bee zombie (D:7)
  A howler monkey zombie (D:7)
  30 gnolls
  10 adders
  A river rat (Sewer)
  2 shadow imps (D:7)
  2 white imps
  An ufetubus (D:5)
  4 worms
  2 dart slugs
  50 orcs
  10 bats
  9 endoplasms
  7 giant cockroaches
  8 hobgoblins
  15 jackals
  13 kobolds
  3 quokkas
  16 ball pythons
  4 frilled lizards
  7 goblins
  10 rats
310 creatures vanquished.

Notes
Turn   | Place    | Note
-------+----------+-------------------------------------------
     0 | D:1      | GigaChad the Armataur Fighter began the quest for the Orb.
     0 | D:1      | Reached XP level 1. HP: 19/19 MP: 1/1
   160 | D:1      | Reached XP level 2. HP: 26/26 MP: 2/2
   416 | D:2      | Identified the +8 mace of Extermination {protect, rC+}
   624 | D:2      | Reached XP level 3. HP: 33/33 MP: 3/3
   842 | D:2      | Found Rurhum's Antique Armour Boutique.
  1497 | D:3      | Found a snail-covered altar of Cheibriados.
  1599 | D:3      | Reached XP level 4. HP: 36/40 MP: 4/4
  1711 | D:3      | Reached skill level 1 in Maces & Flails
  1730 | D:3      | Reached XP level 5. HP: 6/48 MP: 5/5
  2087 | D:3      | Found a glowing drain.
  2095 | Sewer    | Entered a sewer
  2599 | D:3      | Identified a scroll of acquirement
  2599 | D:3      | Acquired 1088 gold pieces
  2735 | D:3      | Found a runed translucent door.
  2736 | D:3      | Noticed Crazy Yiuf
  2790 | D:4      | Reached skill level 5 in Armour
  2804 | D:4      | Noticed Natasha
  2813 | D:4      | Killed Natasha
  2883 | D:4      | Reached XP level 6. HP: 51/54 MP: 6/6
  3081 | D:4      | Noticed Natasha
  3087 | D:4      | Killed Natasha
  3117 | D:4      | Noticed Natasha
  3124 | D:4      | Killed Natasha
  3178 | D:4      | Got the Teachings on Vehement Sculpting
  3203 | D:4      | Reached XP level 7. HP: 62/62 MP: 7/7
  3533 | D:5      | Entered Level 5 of the Dungeon
  3541 | D:5      | Found Noacs's One-of-a-Kind Rings.
  3691 | D:5      | Found a runed translucent door.
  3692 | D:5      | Noticed Dordric's ghost (novice BaHs)
  4006 | D:5      | Reached skill level 5 in Maces & Flails
  4244 | D:5      | Reached XP level 8. HP: 68/70 MP: 8/8
  4396 | D:5      | Reached skill level 5 in Shields
  4736 | D:5      | Found a stormy altar of Qazlal.
  4744 | D:5      | Found a hide-covered altar of Uskayaw.
  5169 | D:6      | Reached skill level 1 in Evocations
  5357 | D:6      | Noticed domi's ghost (novice HOMo)
  5358 | D:6      | Found a transporter.
  5359 | D:6      | Identified the +7 great mace of Uskayaw, Mashing {holy,
                  | Dex+3 Stlth+}
  5359 | D:6      | Noticed a two-headed ogre
  5367 | D:6      | Found a transporter.
  5446 | D:6      | Found a burning altar of Makhleb.
  5662 | D:6      | Reached XP level 9. HP: 64/78 MP: 9/9
  5794 | D:6      | Found a sacrificial altar of Ru.
  5856 | D:6      | Found a staircase to the Ecumenical Temple.
  5869 | Temple   | Entered the Ecumenical Temple
  5967 | Temple   | Became a worshipper of the Shining One
  6063 | D:5      | Bought the ring "Gocinae" {rCorr Str+2 SInv} for 413 gold
                  | pieces
  6063 | D:5      | Bought the ring "Tismunna" {rF+ rC++ Int+6} for 877 gold
                  | pieces
  6293 | D:7      | Identified the +1 cloak of Wisdom {Rampage rN+}
  6325 | D:7      | Learned a level 2 spell: Wereblood
  6360 | D:7      | Reached skill level 5 in Fighting
  6367 | D:7      | Found a basalt altar of Yredelemnul.
  6920 | D:7      | Reached * piety under the Shining One
  7294 | D:7      | Noticed Maggie
  7299 | D:7      | Killed Maggie
  7358 | D:7      | Reached skill level 1 in Spellcasting
  7424 | D:8      | Noticed Maurice
  7439 | D:8      | Killed Maurice
  7684 | D:8      | Noticed a two-headed ogre
  7691 | D:8      | Killed a two-headed ogre
  7692 | D:8      | Reached XP level 10. HP: 56/88 MP: 12/12
  8262 | D:8      | Noticed Prince Ribbit
  8284 | D:8      | Killed Prince Ribbit
  9180 | D:9      | Reached ** piety under the Shining One
  9653 | D:9      | Noticed a two-headed ogre
  9660 | D:9      | Killed a two-headed ogre
  9933 | D:9      | Found a sparkling altar of Nemelex Xobeh.
  9978 | D:9      | Found a blossoming altar of Fedhas.
 10194 | D:9      | Reached XP level 11. HP: 78/97 MP: 15/15
 10371 | D:9      | Found an opulent altar of Gozag.
 10377 | D:9      | Reached skill level 5 in Axes
 10420 | D:9      | Found a shimmering blue altar of Sif Muna.
 10644 | D:10     | Entered Level 10 of the Dungeon
 10681 | D:10     | Found a staircase to the Orcish Mines.
 10726 | D:10     | HP: 1/97 [yak (5)]
 10729 | D:10     | Slain by a yak

Illustrated notes

Levels and vault maps discovered:
D:1:      sevenhm_arrival_forest_fort_small_6, layout_rooms,
          serial_park_tiny_pond
D:2:      layout_loops_ring, serial_co_window_serial, co_window_paths_a,
          co_window_paths_a, co_window_paths_a, co_window_paths_a,
          co_window_paths_a, co_window_broadway_c, co_window_unsneaky_path_b,
          co_window_corner_ca, co_window_corner_cb, co_window_paths_e,
          co_window_paths_d, glass_columns_a, serial_shops, shop
D:3:      layout_rooms, mainiacjoe_overflow_concentric_impassable,
          portal_sewer_entry_e, uniq_crazy_yiuf_cottage
D:4:      minmay_inner_zag, layout_basic, uniq_natasha
D:5:      lemuel_castle_with_subvaults [lemuel_castle_interior_carwin_1],
          layout_basic, mainiacjoe_overflow_large_starburst,
          gammafunk_ghost_grave, nicolae_shop_unique_rings
D:6:      layout_loops_cross, mainiacjoe_overflow_boulevard,
          kennysheep_little_box, minmay_temple_entry_drinking_statues,
          gammafunk_ghost_smash
D:7:      layout_loops_ring, lemuel_zombie_altar_yredelemnul,
          minmay_manual_mullet, uniq_maggie
D:8:      layout_basic, uniq_prince_ribbit1, uniq_maurice
D:9:      layout_basic, fedhas_altar_4, mainiacjoe_overflow_24_doors,
          grunt_temple_overflow_open, kennysheep_windowed_goal
D:10:     layout_big_octagon, regret_index_temple_of_mockery,
          david_lair_generic, orc_0_dummy, nicolae_trove_entry_isolated,
          biasface_ghost_orc_armoury, minivault_25_ag
Temple:   zaba_magenta_temple

Skill      XL: |  1  2  3  4  5  6  7  8  9 10 11 |
---------------+----------------------------------+-----
Fighting       | 3 4 5 6 |  6.6
Armour         | 4 5 7 8 9 |  9.0
Axes           | 2 3 4 5 |  5.4
Maces & Flails | 1 2 3 5 6 8 9 |  9.4
Shields        | 4 5 6 7 |  7.8
Evocations     | 1 2 3 4 |  4.0
Spellcasting   | 1 2 |  2.9

Action                     |  1- 3 |  4- 6 |  7- 9 | 10-12 || total
---------------------------+-------+-------+-------+-------++-------
  Melee: War axe           |    31 |       |       |    78 ||   109
         Tailslap          |     4 |     5 |    48 |    41 ||    98
         Mace              |    47 |   134 |   405 |    98 ||   684
    Use: Scroll            |     2 |     1 |    18 |     2 ||    23
         Potion            |       |       |     2 |     2 ||     4
   Stab: Invisible         |       |       |     1 |       ||     1
 Armour: Scale mail        |    29 |   102 |   197 |       ||   328
         Swamp dragon scal |       |       |    19 |   116 ||   135
         Chain mail        |       |       |    11 |       ||    11
  Dodge: Dodged            |    22 |    39 |   153 |    50 ||   264
  Block: Buckler           |    10 |    33 |    60 |       ||   103
         Kite shield       |       |       |    76 |   127 ||   203
